 Dungeon Crawl Stone Soup version 0.24-a0-439-g6dd8730de2 (webtiles) character file.

Game seed: 17897805830158026598

104 forest the Sneak (level 4, -1/23 HPs)
             Began as a Spriggan Assassin on June 17, 2019.
             Slain by a killer bee (4 damage)
             ... on level 3 of the Dungeon.
             The game lasted 00:05:43 (2344 turns).

forest the Sneak (Spriggan Assassin)                Turns: 2344, Time: 00:05:43

Health: -1/23      AC:  3    Str: 13    XL:     4   Next: 52%
Magic:  5/5        EV: 18    Int: 12    God:
Gold:   204        SH:  0    Dex: 17    Spells: 3/3 levels left

rFire    + . .     SeeInvis +   q - +2 dagger (vamp)
rCold    + . .     Gourm    .   (shield restricted)
rNeg     . . .     Faith    .   b - +0 robe
rPois    +         Spirit   .   (helmet restricted)
rElec    +         Reflect  .   c - +0 cloak
rCorr    +         Harm     .   (gloves unavailable)
MR       .....                  (boots unavailable)
Stlth    ++++......             o - amulet of regeneration
HPRegen  0.47/turn              (no ring)
MPRegen  0.09/turn              (no ring)

@: mighty, lethally poisoned (-1 -> -3), resistant, very quick
A: very small, unfitting armour, see invisible, herbivore, speed 3, slow
metabolism 2
a: no special abilities


You were on level 3 of the Dungeon.
You were not hungry.

You visited 1 branch of the dungeon, and saw 4 of its levels.

You collected 204 gold pieces.

Inventory:

Hand Weapons
 q - a +2 vampiric dagger (weapon)
Missiles
 d - 3 poisoned darts (quivered)
 e - 2 curare-tipped darts
 n - 79 stones
 t - 20 sling bullets
Armour
 b - a +0 robe (worn)
 c - a +0 cloak (worn)
Jewellery
 o - an amulet of regeneration (around neck)
Wands
 j - a wand of digging (4)
Scrolls
 a - 2 scrolls of remove curse
 h - a scroll of noise {unknown}
 l - 2 scrolls of identify
 r - a scroll of enchant armour
 s - 2 scrolls of magic mapping
Potions
 i - a potion of mutation
 m - a potion of brilliance
Comestibles
 f - 7 rations


   Skills:
 + Level 1.9 Fighting
 + Level 2.5 Short Blades
 + Level 2.8 Throwing
 + Level 2.9 Dodging
 + Level 7.4 Stealth


You had 3 spell levels left.
You didn't know any spells.
Your spell library was empty.

Dungeon Overview and Level Annotations

Branches:
Dungeon (4/15)
 Temple: D:4-7

Altars:


Innate Abilities, Weirdness & Mutations

You are very small and have problems with some larger weapons.
You are too small for most types of armour.
You have supernaturally acute eyesight. (SInv)
You are a herbivore.
You cover ground extremely quickly.
You need to consume almost no food.


Message History

You hit the killer bee but do no damage.
The killer bee is lightly wounded.
You feel sick. The killer bee closely misses you. The killer bee stings you.
You hit the killer bee but do no damage.
The killer bee is moderately wounded.
You feel sick. The killer bee barely misses you.
The killer bee stings you but does no damage.
You barely miss the killer bee.
The killer bee is moderately wounded.
* * * LOW HITPOINT WARNING * * *
You feel sick. The killer bee misses you.
It was a potion of resistance.
You feel protected.
You feel sick. The killer bee misses you. The killer bee stings you.
* * * LOW HITPOINT WARNING * * *
It was a potion of might.
You feel very mighty all of a sudden.
* * * LOW HITPOINT WARNING * * *
You feel sick. The killer bee stings you.
You die...

# #.....## #<........# #
##.....# ####.........#
#
#####'#####.##.........#
#
#...........#######'####
# #...........##...##.#
# #...........##...##.#
# #...........##...##.#
# #...........##...##.#
#......@y..(##...##.#
#................'..#
#................####
#................# ###
#................# ..#
##########....#######
#.# #..........# ..#
#..........# ..#
#........).#


You could see a killer bee.

Vanquished Creatures
  A gnoll (D:1)
  3 adders
  2 worms (D:2)
  5 dart slugs
  A leopard gecko (D:2)
  2 orcs (D:3)
  2 ball pythons (D:1)
  3 giant cockroaches
  2 goblins
  7 hobgoblins
  A quokka (D:3)
  6 bats
  2 frilled lizards (D:1)
  7 kobolds
  8 rats
52 creatures vanquished.

Notes
Turn   | Place    | Note
-------+----------+-------------------------------------------
     0 | D:1      | forest the Spriggan Assassin began the quest for the Orb.
     0 | D:1      | Reached XP level 1. HP: 10/10 MP: 2/2
    70 | D:1      | Reached skill level 6 in Stealth
   107 | D:1      | Reached XP level 2. HP: 14/14 MP: 3/3
  1080 | D:1      | Reached XP level 3. HP: 18/18 MP: 4/4
  1334 | D:2      | Reached skill level 7 in Stealth
  1581 | D:2      | Reached XP level 4. HP: 21/23 MP: 5/5
  2344 | D:3      | Slain by a killer bee

Levels and vault maps discovered:
D:1:      wander_arrival_chamber, layout_basic
D:2:      layout_rooms
D:3:      layout_basic
D:4:      layout_loops_ring, serial_shops, shop

Skill      XL: |  1  2  3 |
---------------+----------+-----
Stealth        | 6 7 |  7.4
Dodging        | 2 |  2.9
Fighting       | |  1.9
Short Blades   | |  2.5
Throwing       | |  2.8

Action                   |  1- 3 |  4- 6 || total
-------------------------+-------+-------++-------
Melee: Dagger            |   147 |    78 ||   225
Throw: Dart              |     4 |     4 ||     8
  Use: Scroll            |     9 |       ||     9
       Potion            |       |     3 ||     3
 Stab: Sleeping          |     7 |     1 ||     8
Armor: Robe              |    33 |     9 ||    42
Dodge: Dodged            |   142 |    55 ||   197

Table legend:
 A = Non-vault XP
 B = Vault XP
 C = Vault XP percentage of total XP
 D = Non-vault monster count
 E = Vault monster count
 F = Vault count percentage of total count
                 A         B        C        D         E       F
            +---------+---------+-------+---------+---------+-------
      Total |     149 |       0 |   0.0 |      52 |       0 |   0.0
            +---------+---------+-------+---------+---------+-------
        D:1 |      44 |       0 |   0.0 |      19 |       0 |   0.0
        D:2 |      60 |       0 |   0.0 |      19 |       0 |   0.0
        D:3 |      45 |       0 |   0.0 |      14 |       0 |   0.0
            +---------+---------+-------+---------+---------+-------
